 Dungeon Crawl Stone Soup version 0.31-a0-233-g139696dc86 (webtiles) character file.

Game seed: 1470940041107679046

299 qw the Shooter (level 6, -5/37 HPs)
             Began as a Gargoyle Hexslinger on July 7, 2023.
             Slain by an ogre
             ... wielding a +0 giant spiked club
              (17 damage)
             ... on level 4 of the Dungeon.
             The game lasted 00:01:04 (2716 turns).

qw the Shooter (Gargoyle Hexslinger)                Turns: 2716, Time: 00:01:05

Health: -5/37      AC: 11    Str: 12    XL:     6   Next: 36%
Magic:  7/7        EV: 11    Int: 13    God:
Gold:   180        SH:  0    Dex: 14    Spells: 6/7 levels left

rFire   . . .        Y - +3 sling
rCold   . . .        (no shield)
rNeg    + . .        d - +0 leather armour
rPois   inf          a - +0 helmet
rElec   +            (no cloak)
rCorr   .            k - +2 pair of gloves
SInv    .            (no boots)
Will    .....        (no amulet)
Stlth   +            (no ring)
HPRegen 0.26/turn    (no ring)
MPRegen 0.10/turn

%: no passive effects
@: no status effects
A: sickness immunity, AC +4, negative energy resistance 1, electricity
resistance, torment resistance 1, petrification resistance
a: no special abilities


You were on level 4 of the Dungeon.
You visited 1 branch of the dungeon, and saw 4 of its levels.

You collected 180 gold pieces.


Innate Abilities, Weirdness & Mutations

You are immune to sickness and miasma.
Your stone body is resilient. (AC +4)
You are immune to poison.
You resist negative energy. (rN+)
You are resistant to electric shocks. (rElec)
You are resistant to unholy torment.
You are immune to petrification.


   Skills:
 - Level 3.1 Fighting
 + Level 5.7 Ranged Weapons
 - Level 1.0 Armour
 - Level 1.5 Dodging
 - Level 1.0 Spellcasting
 - Level 2.6 Hexes


You had 6 spell levels left.
You knew the following spells:

 Your Spells              Type           Power      Damage    Failure   Level
a - Slow                  Hex            28%        N/A       12%         1

Your spell library contained the following spells:

 Spells                   Type           Power      Damage    Failure   Level
 Inner Flame              Hex/Fire       4%         N/A       52%         3
 Portal Projectile        Hex/Tloc       8%         N/A       52%         3
 Cause Fear               Hex            3%         N/A       75%         4

Inventory:

Hand Weapons
 Y - a +3 sling (weapon)
Armour
 a - a +0 helmet (worn)
 d - a +0 leather armour (worn)
 f - the +0 robe "Puweuc" {-Tele Regen+ Int+9 Stlth-}
   (You found it on level 2 of the Dungeon)

   Int:       It affects your intelligence (+9).
   -Tele:     It prevents most forms of teleportation.
   Regen:     It increases your rate of health regeneration.
   Stlth:     It makes you less stealthy.
 k - a +2 pair of gloves (worn)
Scrolls
 g - a scroll of identify
Potions
 c - a potion of haste {unknown}
 h - a potion of mutation {unknown}
 i - a potion of enlightenment
 j - a potion of cancellation {unknown}
 l - a potion of curing {unknown}

Dungeon Overview and Level Annotations

Branches:
Dungeon (4/15)
 Temple: D:4-7

Altars:

Shops:
D:1 (   D:2 (

Annotations:
D:2 1 runed translucent door, Crazy Yiuf


Message History

The black bear claws you.
You shoot a sling bullet. The sling bullet hits the black bear.
The black bear is almost dead.
The black bear bites you! The black bear closely misses you.
The black bear claws you but does no damage.
The ogre misses you. The black bear closely misses you.
The black bear claws you but does no damage.
The black bear completely misses you.
You shoot a sling bullet.
The sling bullet closely misses the black bear.
The black bear bites you but does no damage.
The black bear closely misses you.
The black bear claws you but does no damage.
The ogre hits you but does no damage. The black bear misses you.
The black bear claws you but does no damage.
The black bear barely misses you.
You shoot a sling bullet.
The sling bullet barely misses the black bear.
The black bear bites you.
The black bear claws you but does no damage.
The black bear closely misses you. The ogre barely misses you.
The black bear bites you.
The black bear claws you but does no damage.
The black bear claws you.
You shoot a sling bullet.
The sling bullet barely misses the black bear.
The black bear bites you!
The black bear claws you but does no damage. x2
2715 ||| DRINKING potion of heal wounds.
You feel much better. The black bear barely misses you.
The black bear claws you. x2
The ogre barely misses you. The black bear bites you.
The black bear closely misses you.
The black bear claws you but does no damage.
You shoot a sling bullet.
The sling bullet barely misses the black bear.
The black bear bites you. The black bear barely misses you.
The black bear claws you.
The ogre hits you with a +0 giant spiked club!
You die...

# #).# # ## #.##
... ##.# ....
####.## #...#
#####...##
#....#####.....###
#...........####
......hO..###
.###..@.## ##...##
#....########
##...........
#.....######
#######


You could see a black bear (berserk) and an ogre.

Vanquished Creatures
  2 orc priests (D:3)
  A hound (D:3)
  2 orc wizards
  A sleepcap (D:4)
  7 adders
  5 dart slugs
  5 orcs
  4 bats
  4 endoplasms
  2 giant cockroaches (D:2)
  3 goblins
  3 hobgoblins
  2 jackals (D:1)
  3 quokkas
  12 ball pythons
  4 frilled lizards
  3 kobolds
  6 rats
69 creatures vanquished.

Notes
Turn   | Place    | Note
-------+----------+-------------------------------------------
     0 | D:1      | qw the Gargoyle Hexslinger began the quest for the Orb.
     0 | D:1      | Reached XP level 1. HP: 12/12 MP: 2/2
     0 | D:1      | 0 ||| qw: Version: 0.3-a-46-gb1f654a
     0 | D:1      | 0 ||| qw: Game counter: 3058
     0 | D:1      | 0 ||| qw: Melee chars always use a shield: true
     0 | D:1      | 0 ||| qw: God list: Okawaru
     0 | D:1      | 0 ||| qw: Allow faded altars: false
     0 | D:1      | 0 ||| qw: Do Orc after clearing Dungeon:15 true
     0 | D:1      | 0 ||| qw: Do second Lair branch before Depths: true
     0 | D:1      | 0 ||| qw: Lair rune preference: random
     0 | D:1      | 0 ||| qw: Goals: Normal
     0 | D:1      | 0 ||| PLANNING D:1-11
   150 | D:1      | Reached XP level 2. HP: 11/16 MP: 3/3
   297 | D:1      | Found Qaleod's Antique Weapon Boutique.
   552 | D:1      | Reached skill level 3 in Ranged Weapons
   649 | D:1      | 649 ||| UPGRADING to +0 leather armour.
   659 | D:1      | 659 ||| DROPPING +0 robe.
   660 | D:1      | 660 ||| READING scroll labelled LUL XAOSMAD.
   661 | D:1      | 661 ||| READING 3 scrolls labelled JYJ DEEPOXKIFA.
   662 | D:1      | 662 ||| READING 2 scrolls of identify.
   662 | D:1      | 662 ||| IDENTIFYING clear potion
   663 | D:1      | 663 ||| DROPPING scroll of poison.
   756 | D:2      | Reached XP level 3. HP: 19/21 MP: 4/4
   816 | D:2      | Found Zezuen's Antique Weapon Shop.
   822 | D:2      | 822 ||| DRINKING 2 lumpy golden potions.
   823 | D:2      | 823 ||| DROPPING potion of attraction.
   992 | D:2      | Identified the +0 robe "Puweuc" {-Tele Regen+ Int+9 Stlth-}
  1067 | D:2      | Reached XP level 4. HP: 26/27 MP: 5/5
  1174 | D:2      | Found a runed translucent door.
  1175 | D:2      | Noticed Crazy Yiuf
  1420 | D:2      | 1420 ||| UPGRADING to +2 pair of gloves.
  1425 | D:2      | 1425 ||| READING scroll labelled QELEGA VUMM.
  1426 | D:2      | 1426 ||| READING 2 scrolls labelled DIERUF GICHI.
  1427 | D:2      | 1427 ||| READING scroll of enchant weapon.
  1427 | D:2      | 1427 ||| ENCHANTING +2 sling.
  1428 | D:2      | 1428 ||| READING 2 scrolls of identify.
  1428 | D:2      | 1428 ||| IDENTIFYING viscous ruby potion
  1429 | D:2      | 1429 ||| DROPPING potion of ambrosia.
  1621 | D:3      | Reached skill level 4 in Ranged Weapons
  1762 | D:3      | Identified the +1 mace of Ruination {drain, rPois Int+2}
  1859 | D:3      | Reached XP level 5. HP: 31/31 MP: 6/6
  1881 | D:3      | Reached skill level 5 in Ranged Weapons
  2010 | D:3      | Reached skill level 3 in Fighting
  2188 | D:3      | Found a faded altar of an unknown god.
  2433 | D:3      | 2433 ||| UPGRADING to +0 helmet.
  2438 | D:3      | 2438 ||| DRINKING 2 fizzy pink potions.
  2439 | D:3      | 2439 ||| READING 2 scrolls of identify.
  2439 | D:3      | 2439 ||| IDENTIFYING ruby potion
  2440 | D:3      | 2440 ||| DROPPING potion of brilliance.
  2489 | D:4      | 2489 ||| FLEEEEING.
  2494 | D:4      | 2494 ||| FLEEEEING.
  2496 | D:4      | 2496 ||| FLEEEEING.
  2498 | D:4      | 2498 ||| FLEEEEING.
  2499 | D:4      | 2499 ||| FLEEEEING.
  2500 | D:4      | 2500 ||| FLEEEEING.
  2501 | D:4      | 2501 ||| STAIRDANCE
  2530 | D:4      | Reached skill level 1 in Armour
  2538 | D:4      | 2538 ||| STAIRDANCE
  2542 | D:3      | Reached XP level 6. HP: 26/37 MP: 7/7
  2700 | D:4      | Noticed a black bear
  2714 | D:4      | HP: 6/37 [black bear (9)]
  2715 | D:4      | 2715 ||| DRINKING potion of heal wounds.
  2716 | D:4      | Slain by an ogre

Levels and vault maps discovered:
D:1:      saegor_arrival_simple_e, layout_loops_ring, serial_shops, shop
D:2:      layout_basic, serial_shops, nicolae_shop_hallway_plus,
          minmay_tromino_v4_c, uniq_crazy_yiuf_cottage
D:3:      layout_basic, shapermc_ecumenical_altar_gd, kennysheep_generic_room_3
D:4:      corexii_shantytown, layout_layer_cave

Skill      XL: |  1  2  3  4  5 |
---------------+----------------+-----
Ranged Weapons | 3 4 5 |  5.7
Fighting       | 2 3 |  3.1
Armour         | 1 |  1.0
Dodging        | |  1.5
Spellcasting   | |  1.0
Hexes          | |  2.6

Action                     |  1- 3 |  4- 6 || total
---------------------------+-------+-------++-------
   Fire: Sling             |   101 |   141 ||   242
    Use: Scroll            |     3 |     5 ||     8
         Potion            |     1 |     2 ||     3
 Armour: Robe              |     6 |       ||     6
         Leather armour    |    36 |    45 ||    81
  Dodge: Dodged            |    53 |    56 ||   109

Table legend:
 A = Non-vault XP
 B = Vault XP
 C = Vault XP percentage of total XP
 D = Non-vault monster count
 E = Vault monster count
 F = Vault count percentage of total count
                 A         B        C        D         E       F
            +---------+---------+-------+---------+---------+-------
      Total |     413 |      15 |   3.5 |      67 |       2 |   2.9
            +---------+---------+-------+---------+---------+-------
        D:1 |      20 |       0 |   0.0 |      11 |       0 |   0.0
        D:2 |      61 |      13 |  17.6 |      19 |       1 |   5.0
        D:3 |     239 |       2 |   0.8 |      30 |       1 |   3.2
        D:4 |      93 |       0 |   0.0 |       7 |       0 |   0.0
            +---------+---------+-------+---------+---------+-------
